 Dungeon Crawl Stone Soup version 0.25-a0-578-gc91f01c39c (webtiles) character file.

Game seed: 14938747716583036606, levelgen mode: deterministic

58 Flugslaktarn the Shield-Bearer (level 3, 0/33 HPs)
             Began as a Minotaur Fighter on Mar 3, 2020.
             Killed by nerve-wracking pain
             ... invoked by an orc priest
              (8 damage)
             ... on level 4 of the Dungeon.
             The game lasted 00:00:18 (406 turns).

Flugslaktarn the Shield-Bearer (Minotaur Fighter)    Turns: 406, Time: 00:00:19

Health: 0/33       AC:  7    Str: 21    XL:     3   Next: 76%
Magic:  2/2        EV:  7    Int:  5    God:
Gold:   67         SH:  9    Dex:  9    Spells: 2/2 levels left

rFire    . . .     SeeInvis .   a - +0 war axe
rCold    . . .     Gourm    .   c - +0 kite shield
rNeg     . . .     Faith    .   b - +0 scale mail
rPois    .         Spirit   .   (helmet restricted)
rElec    .         Reflect  .   (no cloak)
rCorr    .         Harm     .   (no gloves)
MR       .....                  (no boots)
Stlth    ..........             (no amulet)
HPRegen  0.11/turn              (no ring)
MPRegen  0.08/turn              (no ring)

@: slowed, very slow
A: retaliatory headbutt, horns 2
a: no special abilities


You were on level 4 of the Dungeon.
You were not hungry.

You visited 1 branch of the dungeon, and saw 4 of its levels.

You collected 67 gold pieces.

Inventory:

Hand Weapons
 a - a +0 war axe (weapon)
Armour
 b - a +0 scale mail (worn)
 c - a +0 kite shield (worn)
Scrolls
 g - a scroll of teleportation {unknown}
Potions
 d - a potion of might
 h - a potion of curing {unknown}
Comestibles
 e - 2 rations
 f - 4 chunks of flesh


   Skills:
 + Level 4.1 Fighting
 * Level 3.6 Axes
 + Level 4.1 Armour
 + Level 4.1 Shields


You had 2 spell levels left.
You didn't know any spells.
Your spell library was empty.

Dungeon Overview and Level Annotations

Branches:
Dungeon (4/15)
 Temple: D:4-7

Altars:


Innate Abilities, Weirdness & Mutations

You reflexively headbutt those who attack you in melee.
You have a pair of horns on your head.


Message History

You feel as though you will be slow longer.
You are too injured to fight recklessly!
You are too injured to fight recklessly!
You are too injured to fight recklessly!
You are too injured to fight recklessly!
You are too injured to fight recklessly!
You are too injured to fight recklessly!
You are too injured to fight recklessly!
You are too injured to fight recklessly!
You are too injured to fight recklessly!
You are too injured to fight recklessly!
You are too injured to fight recklessly!
You are too injured to fight recklessly!
The adder hisses angrily.
You hit the orc priest.
The orc priest is almost dead.
You block the orc priest's attack.
The orc priest calls down the wrath of Beogh upon you.
Pain shoots through your body!
You die...

....# #....#
#....# #....#
#....####
########........
......o#........
..S.o..@........
.......#<.......
###+##.#........
###########


You could see an orc priest, an orc wizard and an adder.

Vanquished Creatures
  An adder (D:2)
  A worm (D:2)
  A dart slug (D:3)
  2 leopard geckos
  5 orcs (D:3)
  2 bats
  3 goblins
  2 hobgoblins
  4 jackals (D:2)
  2 kobolds
  3 frilled lizards
  13 rats
39 creatures vanquished.

Notes
Turn   | Place    | Note
-------+----------+-------------------------------------------
     0 | D:1      | Flugslaktarn the Minotaur Fighter began the quest for the
                  | Orb.
     0 | D:1      | Reached XP level 1. HP: 19/19 MP: 0/0
    21 | D:1      | Reached XP level 2. HP: 25/27 MP: 1/1
   189 | D:2      | Reached XP level 3. HP: 33/33 MP: 2/2
   406 | D:4      | Killed from afar by an orc priest

Levels and vault maps discovered:
D:1:      erik_arrival_orb_chamber, layout_loops_ring
D:2:      kennysheep_six_static_rooms, layout_rooms,
          nicolae_tso_carved_into_rock
D:3:      layout_basic
D:4:      layout_gridville, chequers_serial_rivers_room_b, uniq_natasha

Skill      XL: |  1  2  3 |
---------------+----------+-----
Axes           | 3 |  3.6
Fighting       | 4 |  4.1
Shields        | 4 |  4.1
Armour         | 4 |  4.1

Action                   || total
-------------------------++-------
Melee: War axe           ||    75
       Headbutt          ||     9
Armor: Scale mail        ||    30
Dodge: Dodged            ||    19
Block: Kite shield       ||    38

Table legend:
 A = Non-vault XP
 B = Vault XP
 C = Vault XP percentage of total XP
 D = Non-vault monster count
 E = Vault monster count
 F = Vault count percentage of total count
                 A         B        C        D         E       F
            +---------+---------+-------+---------+---------+-------
      Total |      72 |      12 |  14.3 |      27 |      12 |  30.8
            +---------+---------+-------+---------+---------+-------
        D:1 |       5 |      12 |  70.6 |       3 |      12 |  80.0
        D:2 |      34 |       0 |   0.0 |      10 |       0 |   0.0
        D:3 |      30 |       0 |   0.0 |      13 |       0 |   0.0
        D:4 |       3 |       0 |   0.0 |       1 |       0 |   0.0
            +---------+---------+-------+---------+---------+-------
